 Dungeon Crawl Stone Soup version 0.27-a0-906-g0a00ce863d (webtiles) character file.

Game seed: 3888290666146335896

224 porpoise the Digger (level 5, -5/38 HPs)
             Began as a Demigod Earth Elementalist on Apr 8, 2021.
             Slain by Ijyb
             ... wielding a +2 spectral club
              (8 damage)
             ... on level 2 of the Dungeon.
             The game lasted 00:08:10 (3180 turns).

porpoise the Digger (Demigod Earth Elementalist)    Turns: 3180, Time: 00:08:10

Health: -5/38      AC:  3    Str:  7 (9)  XL:     5   Next: 40%
Magic:  3/13       EV: 12    Int: 20 (21) God:
Gold:   129        SH:  0    Dex: 11 (14) Spells: 2/11 levels left

rFire    . . .     SeeInvis .   a - +2 rapier (holy)
rCold    . . .     Faith    .   (no shield)
rNeg     . . .     Spirit   .   c - +0 robe
rPois    .         Reflect  .   (no helmet)
rElec    .         Harm     .   u - +0 cloak {Will+}
rCorr    .         Rampage  .   (no gloves)
Will     +....                  (no boots)
Stlth    ++........             (no amulet)
HPRegen  0.12/turn              (no ring)
MPRegen  0.13/turn              (no ring)

@: attractive
A: high mp 1, forlorn
a: no special abilities


You were on level 2 of the Dungeon.
You visited 1 branch of the dungeon, and saw 4 of its levels.

You collected 129 gold pieces.

Inventory:

Hand Weapons
 a - a +2 rapier of holy wrath (weapon)
Missiles
 b - 46 stones
 o - 24 bolts
 p - 21 arrows
 q - 3 boomerangs
Armour
 c - a +0 robe (worn)
 u - a +0 cloak of willpower (worn)
Jewellery
 m - an amulet of guardian spirit
 r - a ring of flight
Scrolls
 e - 2 scrolls of fear {unknown}
 f - a scroll of vulnerability {unknown}
 g - a scroll of enchant armour {unknown}
 h - a scroll of identify {unknown}
 i - 2 scrolls of teleportation {unknown}
 k - a scroll of blinking {unknown}
 n - a scroll of fog {unknown}
 t - a scroll of noise {unknown}
Potions
 d - a potion of ambrosia {unknown}
 j - a potion of curing
 l - a potion of degeneration
 s - 2 potions of attraction


   Skills:
 - Level 1.7 Dodging
 - Level 1.7 Stealth
 + Level 3.7 Spellcasting
 - Level 0.8 Transmutations
 + Level 4.5 Earth Magic


You had 2 spell levels left.
You knew the following spells:

 Your Spells              Type           Power      Damage    Failure   Level
a - Sandblast             Erth           44%        2d11      1%          1
b - Stone Arrow           Conj/Erth      24%        3d8       16%         3
c - Lee's Rapid Deconstr  Erth           11%        3d9*      50%         5

Your spell library contained the following spells:

 Spells                   Type           Power      Damage    Failure   Level
 Passwall                 Tmut/Erth      11%        N/A       7%          2
 Petrify                  Tmut/Erth      14%        N/A       41%         4


Dungeon Overview and Level Annotations

Branches:
Dungeon (4/15)
 Temple: D:4-7

Annotations:
D:2 Ijyb


Innate Abilities, Weirdness & Mutations

Your attributes grow dramatically as you level up.
You have an increased reservoir of magic. (+10% MP)
You shall have no god before yourself.


Message History

Aim: Ijyb, wielding a +2 spectral club and wearing a +0 ring mail (moderately wounded, 22% to evade)
The blast of sand hits Ijyb but does no damage.
Ijyb is moderately wounded.
Ijyb misses you.
Press: ? - help, v - describe, . - travel
Here: Ijyb, wielding a +2 spectral club and wearing a +0 ring mail (moderately wounded)
The floor.
Unknown command.
Unknown command.
You aren't carrying any items that you can evoke.
Unknown command.
It was a potion of attraction.
You feel attractive to monsters. Ijyb barely misses you.
It was a potion of curing.
You feel better. Ijyb hits you with a +2 spectral club.
Casting: Sandblast (safe; 1% risk of failure)
Confirm with . or Enter, or press ? or * to list all spells.
Aiming: Sandblast (safe; 1% risk of failure)
Press: ? - help, Shift-Dir - straight line, f/p - Ijyb
Aim: Ijyb, wielding a +2 spectral club and wearing a +0 ring mail (moderately wounded, 22% to evade)
The blast of sand hits Ijyb but does no damage.
Ijyb is moderately wounded.
Ijyb grins evilly.
Ijyb hits you with a +2 spectral club.
You barely miss Ijyb.
Ijyb is moderately wounded.
Ijyb hits you with a +2 spectral club.
* * * LOW HITPOINT WARNING * * *
You barely miss Ijyb.
Ijyb is moderately wounded.
Ijyb hits you with a +2 spectral club.
* * * LOW HITPOINT WARNING * * *
Ijyb hits you with a +2 spectral club.
* * * LOW HITPOINT WARNING * * *
It was a potion of degeneration.
There was something very wrong with that liquid.
You feel weakened.
You feel dopey.
You feel clumsy. Ijyb hits you with a +2 spectral club!
You die...

..#.#######.#..#####..###..#####
...............................#
.....######.##.##.###.......####
..#....# ##.##..#.###.###.#..#
.###...###.........รท...##.##.###
....##......#...#..##...#)##...#
....##.##..).....#.##.#.#.####.##
..>.##.............##.#...####...
.......##...#..g@.....###...##...
##.........##...#.#...##..#.#....
#......<.###...#.###.##.##......
#........#######..##.##..##.....
#.....<...## ##..#.###........
##.......#..#######.#.# ###.##...
.....<................# #.#....
.#......#####.#####.### #......
##......#.....## #.## ###....


You could see Ijyb.

Vanquished Creatures
  An ogre (D:4)
  A scorpion (D:3)
  An orc wizard (D:3)
  2 adders (D:2)
  3 dart slugs
  2 orcs (D:3)
  2 ball pythons (D:2)
  2 bats
  7 endoplasms
  3 goblins
  3 hobgoblins
  4 jackals (D:2)
  A quokka (D:2)
  A frilled lizard (D:2)
  6 kobolds
  2 rats
41 creatures vanquished.

Vanquished Creatures (others)
  3 plants (D:1)
3 creatures vanquished.

Grand Total: 44 creatures vanquished

Notes
Turn   | Place    | Note
-------+----------+-------------------------------------------
     0 | D:1      | porpoise the Demigod Earth Elementalist began the quest for
                  | the Orb.
     0 | D:1      | Reached XP level 1. HP: 14/14 MP: 5/5
   599 | D:1      | Reached skill level 3 in Earth Magic
   746 | D:1      | Reached XP level 2. HP: 11/20 MP: 7/7
  1389 | D:2      | You fall into a shaft and drop 2 floors!
  1391 | D:4      | Noticed an ogre
  1397 | D:4      | HP: 1/20 [ogre/+0 giant club (19)]
  1398 | D:4      | Killed an ogre
  1399 | D:4      | Reached XP level 3. HP: 1/26 MP: 1/10
  1399 | D:4      | Reached XP level 4. HP: 1/33 MP: 1/11
  1880 | D:3      | Reached skill level 4 in Earth Magic
  2097 | D:2      | Reached XP level 5. HP: 38/38 MP: 11/13
  2116 | D:2      | Learned a level 3 spell: Stone Arrow
  2122 | D:2      | Learned a level 5 spell: Lee's Rapid Deconstruction
  3085 | D:3      | Noticed Ijyb
  3180 | D:2      | Slain by Ijyb

Illustrated notes

Levels and vault maps discovered:
D:1:      dpeg_arrival_tiny_e, layout_loops_ring, serial_bayou_lagoon_b
D:2:      layout_rooms
D:3:      layout_basic, minmay_misc_feat_room, uniq_ijyb, uniq_jessica
D:4:      layout_rooms, nicolae_gozag_seed_capital

Skill      XL: |  1  2  3  4 |
---------------+-------------+-----
Spellcasting   | 2 3 |  3.7
Earth Magic    | 3 4 |  4.5
Dodging        | |  1.7
Stealth        | |  1.7
Transmutations | |  0.8

Action                   |  1- 3 |  4- 6 || total
-------------------------+-------+-------++-------
Melee: Short sword       |    20 |    13 ||    33
       Rapier            |       |    19 ||    19
 Cast: Sandblast         |    16 |    40 ||    56
  Use: Potion            |       |     3 ||     3
 Stab: Sleeping          |     3 |     1 ||     4
Armor: Robe              |     4 |     2 ||     6
Dodge: Dodged            |    11 |    26 ||    37

Table legend: (Time is in decaauts)
 A = Elapsed time spent in this place.
 B = Non-inter-level travel time spent in this place.
 C = Inter-level travel time spent in this place.
 D = Time resting spent in this place.
 E = Time spent auto-exploring this place.
 F = Levels seen in this place.
 G = Mean time per level.
                   A        B        C        D        E       F      G
               +--------+--------+--------+--------+--------+-----+--------+
         Total |   3218 |   3178 |     40 |   1776 |    996 |   4 |  804.5 |
       Dungeon |   3218 |   3178 |     40 |   1776 |    996 |   4 |  804.5 |
               +--------+--------+--------+--------+--------+-----+--------+

Top non-repeatable levels by time:
     D:1: 1408 daAuts
     D:2: 1104 daAuts
     D:4: 456 daAuts
     D:3: 249 daAuts
